 Dungeon Crawl Stone Soup version 0.29.1-4-g47bece8355 (webtiles) character file.

Game seed: 15776976359109956318

177 mester the Grave Robber (level 5, -3/35 HPs)
             Began as a Mummy Necromancer on Dec 1, 2022.
             Was an Initiate of Sif Muna.
             Killed from afar by an orc wizard (8 damage)
             ... with a magic dart
             ... on level 4 of the Dungeon.
             The game lasted 00:21:18 (3313 turns).

mester the Grave Robber (Mummy Necromancer)         Turns: 3313, Time: 00:21:18

Health: -3/35      AC:  2    Str: 12    XL:     5   Next: 30%
Magic:  1/12       EV: 12    Int: 16    God:    Sif Muna [......]
Gold:   160        SH:  0    Dex: 12    Spells: 1/14 levels left

rFire   x . .      SeeInvis .   b - +0 hand axe
rCold   + . .      Faith    .   (no shield)
rNeg    + + +      Spirit   .   a - +0 robe
rPois   ∞          Reflect  .   (no helmet)
rElec   .          Harm     .   (no cloak)
rCorr   .          Rampage  .   (no gloves)
Will    .....                   (no boots)
Stlth   ++........              (no amulet)
HPRegen 0.11/turn               (no ring)
MPRegen 0.13/turn               (no ring)

@: animating dead
A: cold resistance 1, negative energy resistance 3, torment resistance 2, heat
vulnerability 1, in touch with death 1, no potions
a: Renounce Religion


You were on level 4 of the Dungeon.
You worshipped Sif Muna.
Sif Muna was noncommittal.
You visited 1 branch of the dungeon, and saw 4 of its levels.

You collected 160 gold pieces.

Inventory:

Hand Weapons
 b - a +0 hand axe (weapon)
 c - a +0 club
 i - a +0 halberd
Armour
 a - a +0 robe (worn)
 d - a +0 leather armour
Scrolls
 e - a scroll of acquirement {unknown}
 f - a scroll of brand weapon {unknown}
 g - a scroll of identify {unknown}
 h - 2 scrolls of teleportation {unknown}
 j - a scroll of poison {unknown}


   Skills:
 + Level 0.2 Fighting
 + Level 0.2 Axes
 + Level 1.7 Dodging
 + Level 1.6 Stealth
 + Level 5.0 Spellcasting
 + Level 5.4 Necromancy


You had one spell level left.
You knew the following spells:

 Your Spells              Type           Power      Damage    Failure   Level
a - Necrotise             Necr           100%       1d9       1%          1
b - Vampiric Draining     Necr           32%        2d8       4%          3
c - Animate Dead          Necr           32%        N/A       16%         4
d - Agony                 Necr           32%        N/A       41%         5

Your spell library contained the following spells:

 Spells                   Type           Power      Damage    Failure   Level
 Confusing Touch          Hex            4%         N/A       41%         3
 Yara's Violent Unravell  Hex/Tmut       2%         3d3       99%         5
 Enfeeble                 Hex            2%         N/A       100%        7


Dungeon Overview and Level Annotations

Branches:
Dungeon (4/15)
 Temple: D:4-7

Altars:
Sif Muna


Innate Abilities, Weirdness & Mutations

You are immune to poison.
Your flesh is cold resistant. (rC+)
You are immune to negative energy. (rN+++)
You are immune to unholy pain and torment.
You are vulnerable to heat. (rF-)
You are in touch with the powers of death.
You do not drink.


Message History

Aim: an ogre, wielding a +0 giant club (chance to affect: 83%)
You feel a surge of power!
The ogre writhes in agony.
Your giant cockroach zombie waves its antennae.
Casting: Necrotise (safe; 1% risk of failure)
Confirm with . or Enter, or press ? or * to list all spells.
Aiming: Necrotise (safe; 1% risk of failure)
Press: ? - help, Shift-Dir - straight line, f/p - ogre
Aim: an ogre, wielding a +0 giant club (lightly wounded, ally target, chance to affect: 83%)
You feel a surge of power!
The ogre writhes in agony.
Your giant cockroach zombie bites the ogre.
Casting: Necrotise (safe; 1% risk of failure)
Confirm with . or Enter, or press ? or * to list all spells.
Aiming: Necrotise (safe; 1% risk of failure)
Press: ? - help, Shift-Dir - straight line, f/p - ogre
Aim: an ogre, wielding a +0 giant club (moderately wounded, ally target, chance to affect: 83%)
You feel a surge of power!
The ogre writhes in agony.
The ogre hits you with a +0 giant club!
Your giant cockroach zombie bites the ogre.
Unknown command.
There are monsters nearby!
Unknown command.
You hit the ogre.
The ogre is heavily wounded.
Your giant cockroach zombie bites the ogre but does no damage.
You hit the ogre.
The ogre is severely wounded.
You closely miss something. The ogre barely misses you.
Your giant cockroach zombie barely misses the ogre.
You hear some strange, mumbled words.
A magic dart appears from out of thin air!
The magic dart hits you. The orc hits you with a +0 flail!
* * * LOW HITPOINT WARNING * * *
The orc attacks as you move away! The orc hits you with a +0 flail.
* * * LOW HITPOINT WARNING * * *
The orc attacks as you move away! The orc closely misses you.
The ogre closely misses you.
Your giant cockroach zombie bites the ogre.
A magic dart appears from out of thin air!
The magic dart hits you!
You die...

#..### ##+## #.##.## ##...##
#.#.{o ##.....## ##.##(### #
##.......## ##...#'#.#
####.........####........#
.............+..{oZ......#
####.............O....##.# #
#..........##@##...<##.#
####.#......#..#.#..#...##..
..##.##.....##.....##....###.
#.##.###+#.....(_.......## ..
#.##.# #.#..##.[...##..## #
#.##.# #.#..#..#.#..#..#
.....###.##...##.##...#
#.#####...##.........## #.#
#......##...##..#


You could see an ogre (distracted, ally target), an orc and a friendly giant
cockroach zombie.

Vanquished Creatures
  A hound (D:4)
  3 gnolls (D:3)
  5 adders
  A worm (D:2)
  3 dart slugs
  6 bats
  7 endoplasms
  3 giant cockroaches
  4 goblins
  7 hobgoblins
  6 jackals
  A quokka (D:4)
  A ball python (D:2)
  3 frilled lizards
  6 kobolds
  3 rats
60 creatures vanquished.

Vanquished Creatures (collateral kills)
  A goblin (D:1)
  A quokka (D:1)
2 creatures vanquished.

Vanquished Creatures (others)
  A hobgoblin zombie (D:4)
1 creature vanquished.

Grand Total: 63 creatures vanquished

Notes
Turn   | Place    | Note
-------+----------+-------------------------------------------
     0 | D:1      | mester the Mummy Necromancer began the quest for the Orb.
     0 | D:1      | Reached XP level 1. HP: 13/13 MP: 4/4
   269 | D:1      | Reached XP level 2. HP: 19/19 MP: 3/5
   488 | D:1      | You fall into a shaft and drop 1 floor!
   847 | D:2      | Gained mutation: You are in touch with the powers of death.
                  | [Mummy growth]
   847 | D:2      | Reached XP level 3. HP: 5/24 MP: 0/7
  1397 | D:1      | Found a faded altar of an unknown god.
  2290 | D:3      | Reached XP level 4. HP: 30/30 MP: 7/10
  2302 | D:3      | Learned a level 3 spell: Vampiric Draining
  2309 | D:3      | Learned a level 4 spell: Animate Dead
  2514 | D:3      | Reached skill level 5 in Necromancy
  3118 | D:4      | Reached XP level 5. HP: 35/35 MP: 2/12
  3199 | D:4      | Reached skill level 5 in Spellcasting
  3212 | D:4      | Learned a level 5 spell: Agony
  3262 | D:4      | Found a shimmering blue altar of Sif Muna.
  3277 | D:4      | Became a worshipper of Sif Muna the Loreminder
  3300 | D:4      | Noticed an ogre
  3313 | D:4      | Killed from afar by an orc wizard

Illustrated notes

Levels and vault maps discovered:
D:1:      denvon_arrival_waterhouse, layout_loops_ring,
          ebering_ecumenical_altar_ruins
D:2:      layout_rooms, grunt_decor_arrowhead, serial_park_tiny_pond
D:3:      layout_rooms, chequers_serial_rivers_large_a
D:4:      layout_loops_corners, mainiacjoe_overflow_small_starburst,
          ebering_ghost_sewer_d, minmay_joined_circles, uniq_sigmund

Skill      XL: |  1  2  3  4  5 |
---------------+----------------+-----
Spellcasting   | 3 4 5 |  5.0
Necromancy     | 5 |  5.4
Fighting       | |  0.2
Axes           | |  0.2
Dodging        | |  1.7
Stealth        | |  1.6

Action                   |  1- 3 |  4- 6 || total
-------------------------+-------+-------++-------
Melee: Hand axe          |    23 |     6 ||    29
 Cast: Necrotise         |    70 |    30 ||   100
       Vampiric Draining |       |     6 ||     6
       Animate Dead      |       |     1 ||     1
  Use: Scroll            |     1 |       ||     1
Armor: Robe              |    10 |     6 ||    16
Dodge: Dodged            |    43 |    14 ||    57
